 Dungeon Crawl Stone Soup version 0.30-a0-305-g026cb31310 (webtiles) character file.

Game seed: 10981790336727768283

16 Sweetruy1997 the Trooper (level 2, -8/24 HPs)
             Began as a Demonspawn Chaos Knight on Oct 22, 2022.
             Was a Plaything of Xom.
             Mangled by a worm (12 damage)
             ... on level 2 of the Dungeon.
             The game lasted 00:01:12 (771 turns).

Sweetruy1997 the Trooper (Demonspawn Chaos Knight)   Turns: 771, Time: 00:01:12

Health: -8/24      AC:  7    Str: 12    XL:     2   Next: 41%
Magic:  2/2        EV: 11    Int: 13    God:    Xom [..*...]
Gold:   31         SH:  0    Dex: 12    Spells: 1/1 levels left

rFire   . . .      SeeInvis .    a - +0 falchion (chaos)
rCold   . . .      Faith    .    (no shield)
rNeg    . . .      Spirit   .    b - +2 leather armour
rPois   .          Reflect  .    (no helmet)
rElec   .          Harm     .    (no cloak)
rCorr   .          Rampage  .    (no gloves)
Will    .....                    (no boots)
Stlth   +.........               (no amulet)
HPRegen 0.24/turn                (no ring)
MPRegen 0.08/turn                (no ring)

@: no status effects
A: icy blue scales 1
a: Renounce Religion


You were on level 2 of the Dungeon.
You worshipped Xom.
You were a toy of Xom.
You visited 1 branch of the dungeon, and saw 2 of its levels.

You collected 31 gold pieces.

Inventory:

Hand Weapons
 a - a +0 falchion of chaos (weapon)
Armour
 b - a +2 leather armour (worn)
Scrolls
 d - a scroll of summoning {unknown}
 e - 4 scrolls of immolation {unknown}
 f - a scroll of amnesia {unknown}
 g - a scroll of fear {unknown}
 h - a scroll of identify {unknown}
Miscellaneous
 c - a piece from Xom's chessboard (6/15) (quivered)


   Skills:
 + Level 3.3 Fighting
 + Level 3.0 Long Blades
 + Level 1.9 Armour
 + Level 0.9 Dodging


You had one spell level left.
You didn't know any spells.
Your spell library was empty.

Dungeon Overview and Level Annotations

Branches:
Dungeon (2/15)

Altars:


Innate Abilities, Weirdness & Mutations

You are partially covered in icy blue scales. (AC +2)


Message History

The ball python constricts you.
You escape the ball python's grasp.
The ball python bites you. The ball python grabs you.
You stop ascending the stairs.
The ball python constricts you.
You closely miss the ball python. The ball python bites you.
The ball python constricts you. The hobgoblin closely misses you.
You barely miss the hobgoblin. The ball python completely misses you.
The ball python constricts you. The hobgoblin hits you.
You hit the worm but do no damage. The ball python bites you.
The ball python constricts you.
The hobgoblin hits you but does no damage.
The ball python closely misses you. The ball python constricts you.
You hit the worm.
The worm goes berserk!
The worm is lightly wounded.
The worm bites you but does no damage. The hobgoblin barely misses you.
The ball python barely misses you. The ball python constricts you.
You hit the worm.
The worm is poisoned.
The worm is moderately wounded.
The ball python bites you but does no damage.
The ball python constricts you. The worm completely misses you.
The hobgoblin closely misses you. The ball python closely misses you.
The ball python constricts you.
You hit the worm.
The worm is heavily wounded.
The worm bites you but does no damage. The hobgoblin barely misses you.
The ball python bites you but does no damage.
The ball python constricts you.
You hit the ball python. You burn the ball python.
You kill the ball python!
The hobgoblin misses you. The worm closely misses you.
The hobgoblin hits you but does no damage.
The worm bites you!
Ouch! That really hurt!
* * * LOW HITPOINT WARNING * * *
It was a potion of magic.
Magic courses through your body.
Xom thinks this is hilarious!
The hobgoblin barely misses you.
You barely miss the hobgoblin. The worm bites you!
Ouch! That really hurt!
You die...

## .# .. .#
##.###.# ##
##......#...
##...........
#..l.........
#............
#...g@.......
#....w.......
#............
#............
##...........
##.....##...
####### ###


You could see a worm (berserk, poisoned), a hobgoblin and a frilled lizard
(paralysed).

Vanquished Creatures
  3 ball pythons
  An endoplasm (D:1)
  A giant cockroach (D:1)
  A hobgoblin (D:1)
  2 kobolds (D:1)
  2 quokkas (D:1)
  A bat (D:1)
  5 rats (D:1)
16 creatures vanquished.

Notes
Turn   | Place    | Note
-------+----------+-------------------------------------------
     0 | D:1      | Sweetruy1997 the Demonspawn Chaos Knight began the quest
                  | for the Orb.
     0 | D:1      | Reached XP level 1. HP: 18/18 MP: 1/1
   183 | D:1      | Gained mutation: You are partially covered in icy blue
                  | scales. (AC +2) [demonic ancestry]
   183 | D:1      | Reached XP level 2. HP: 18/24 MP: 2/2
   743 | D:1      | XOM: silly message
   771 | D:2      | Mangled by a worm

Illustrated notes

Levels and vault maps discovered:
D:1:      lightli_arrival_maybe_door_vault, layout_basic
D:2:      layout_rooms

Skill      XL: |  1  2 |
---------------+-------+-----
Long Blades    | 3 |  3.0
Fighting       | |  3.3
Armour         | |  1.9
Dodging        | |  0.9

Action                   || total
-------------------------++-------
Melee: Falchion          ||    43
Evoke: Piece from Xom's  ||     9
  Use: Potion            ||     1
Armor: Leather armour    ||    20
Dodge: Dodged            ||    27

Table legend: (Time is in decaauts)
 A = Elapsed time spent in this place.
 B = Non-inter-level travel time spent in this place.
 C = Inter-level travel time spent in this place.
 D = Time resting spent in this place.
 E = Time spent auto-exploring this place.
 F = Levels seen in this place.
 G = Mean time per level.
                   A        B        C        D        E       F      G
               +--------+--------+--------+--------+--------+-----+--------+
         Total |    778 |    768 |     10 |      0 |    650 |   2 |  389.0 |
       Dungeon |    778 |    768 |     10 |      0 |    650 |   2 |  389.0 |
               +--------+--------+--------+--------+--------+-----+--------+

Top non-repeatable levels by time:
     D:1: 765 daAuts
     D:2: 12 daAuts
